AoeStats
← BottleDry

Arena

509188383Analyzed
4v4 RM · 6d ago on Sep 25, 2026· 45m 37s· 8 players
Game mode
Random Map
Map size
Large (8 player)
Population
200
Speed
Normal
Resources
Standard
Victory
Conquest
Starting age
Dark Age
Ending age
Imperial Age
RankedLock teamsTeams togetherTeam positionsShared explorationLock speedFull tech treeHidden civsTurbo modeCheats
Victory
Defeat
🇩🇪 Vikings · Germany
1003
+15
🇹🇷 Italians · Türkiye
979
+16
🇵🇱 Turks · Poland
971
+16
🇮🇹 Japanese · Italy
970
+17
🇨🇴 Franks · Colombia
988
-16
🇧🇷 Lithuanians · Brazil
982
-16
🇺🇸 Vikings · United States
982
-16
🇺🇸 Danes · United States
976
-16
LeinaD
0:27 Loom
14:20 Feudal Age
15:58 Wheelbarrow
18:39 Castle Age
16:55 Double-Bit Axe
17:34 Horse Collar
17:47 Gold Mining
18:29 Stone Mining
19:36 Hand Cart
19:52 Bow Saw
27:59 Gold Shaft Mining
32:57 Imperial Age
30:05 Pikeman
30:46 Squires
30:31 Gambesons
30:32 Arson
31:03 Heavy Plow
32:04 Forging
31:54 Scale Mail Armor
34:14 Iron Casting
34:03 Conscription
34:04 Kataparuto
34:03 Chain Mail Armor
33:15 Halberdier
35:10 Two-Man Saw
35:25 Town Watch
36:43 Blast Furnace
37:13 Plate Mail Armor
37:05 Heavy Scorpion
38:33 Capped Ram
42:56 Chemistry
Φ Lechero
10:24 Feudal Age
14:18 Castle Age
13:49 Double-Bit Axe
13:46 Horse Collar
20:43 Loom
21:51 Heavy Plow
22:05 Gold Mining
22:10 Stone Mining
24:37 Man-at-Arms
25:43 Squires
25:29 Arson
25:56 Forging
27:03 Scale Barding Armor
27:01 Scale Mail Armor
30:13 Imperial Age
28:02 Chain Mail Armor
27:24 Long Swordsman
29:08 Gold Shaft Mining
29:53 Iron Casting
30:16 Ballistics
29:54 Murder Holes
30:55 Bow Saw
30:18 Capped Ram
32:19 Blast Furnace
30:41 Two-Handed Swordsman
31:31 Siege Ram
31:40 Champion
33:04 Plate Mail Armor
33:05 Conscription
33:36 Chieftains
33:40 Fletching
33:51 Padded Archer Armor
35:50 Chemistry
34:59 Elite Berserk
35:15 Elite Skirmisher
35:51 Bodkin Arrow
36:12 Leather Archer Armor
38:13 Bogsveigar
43:49 Pikeman
43:53 Elite Varangian Guard
Void
11:12 Feudal Age
14:58 Castle Age
13:27 Double-Bit Axe
19:06 Bow Saw
19:00 Gold Mining
22:14 Horse Collar
24:15 Gold Shaft Mining
25:07 Wheelbarrow
30:25 Imperial Age
28:21 Masonry
29:14 Hand Cart
28:47 Loom
King of Negev
5:18 Loom
9:46 Feudal Age
10:29 Horse Collar
17:23 Castle Age
15:36 Double-Bit Axe
19:32 Bow Saw
22:22 Heavy Plow
22:33 Town Watch
23:43 Stone Mining
29:35 Imperial Age
28:18 Wheelbarrow
27:39 Gold Mining
28:26 Silk Road
28:53 Thumb Ring
28:09 Crossbowman
30:17 Hand Cart
31:22 Two-Man Saw
31:28 Hoardings
31:31 Elite Skirmisher
33:06 Crop Rotation
32:31 Fletching
32:41 Padded Archer Armor
33:05 Ballistics
33:46 Chemistry
33:23 Bodkin Arrow
34:29 Leather Archer Armor
36:04 Bracer
37:50 Ring Archer Armor
37:58 Conscription
41:31 Elite Genoese Crossbowman
AlexShukov13
12:51 Feudal Age
16:53 Castle Age
15:14 Double-Bit Axe
15:12 Horse Collar
16:10 Fletching
18:14 Crossbowman
19:17 Town Watch
25:35 Ballistics
26:14 Gold Mining
26:28 Padded Archer Armor
26:18 Loom
27:41 Bodkin Arrow
29:38 Gold Shaft Mining
29:16 Bow Saw
32:12 Leather Archer Armor
36:57 Imperial Age
37:04 Arbalester
38:51 Chemistry
39:34 Stone Mining
39:59 Forging
40:38 Squires
40:23 Arson
42:29 Bracer
43:33 Conscription
TheCris
9:54 Feudal Age
15:09 Castle Age
17:14 Loom
23:57 Double-Bit Axe
26:54 Wheelbarrow
31:07 Imperial Age
30:46 Hand Cart
30:54 Bow Saw
30:37 Gold Mining
32:09 Ordonnance Companies
32:41 Fletching
33:06 Husbandry
33:41 Conscription
33:26 Cranequins
34:33 Ballistics
34:55 Gold Shaft Mining
34:16 Heavy Mounted Crossbowman
36:57 Bodkin Arrow
38:04 Chemistry
39:15 Padded Archer Armor
43:38 Masonry
43:45 Cavalier
45:30 Leather Archer Armor
45:28 Forging
45:24 Scale Barding Armor
BottleDry
10:15 Feudal Age
14:09 Castle Age
14:44 Double-Bit Axe
15:21 Horse Collar
15:39 Loom
17:35 Heavy Plow
17:52 Fletching
21:27 Bodkin Arrow
27:37 Imperial Age
26:05 Bow Saw
26:12 Scale Mail Armor
26:22 Forging
27:17 Forging
27:23 Chain Mail Armor
27:10 Padded Archer Armor
27:32 Chain Mail Armor
29:03 Leather Archer Armor
30:03 Wheelbarrow
30:53 Town Watch
32:29 Bracer
32:22 Elite Skirmisher
34:29 Ring Archer Armor
34:36 Iron Casting
35:18 Chemistry
33:45 Elite Skirmisher
35:15 Scale Barding Armor
35:41 Plate Mail Armor
35:47 Hand Cart
36:49 Husbandry
40:12 Thumb Ring
42:59 Chain Barding Armor
42:15 Light Cavalry
43:34 Gold Mining
44:29 Bloodlines
45:17 Plate Barding Armor
45:42 Blast Furnace
King Diamond_44
11:47 Feudal Age
16:28 Castle Age
14:34 Horse Collar
15:04 Double-Bit Axe
15:37 Gold Mining
15:55 Stone Mining
17:17 Wheelbarrow
17:31 Bow Saw
17:34 Heavy Plow
27:44 Loom
28:26 Hand Cart
31:54 Imperial Age
31:19 Ballistics
30:40 Treadmill Crane
31:03 Padded Archer Armor
30:54 Fletching
30:44 Crossbowman
31:42 Murder Holes
31:58 Masonry
32:05 Leather Archer Armor
32:15 Thumb Ring
33:00 Bodkin Arrow
33:11 Scale Barding Armor
33:16 Forging
33:21 Fortified Wall
33:54 Crop Rotation
34:27 Two-Man Saw
34:01 Ring Archer Armor
35:46 Elite Skirmisher
38:39 Light Cavalry
39:29 Bloodlines
39:20 Husbandry
38:40 Cavalier
40:34 Winged Hussar
41:17 Bracer
41:52 Iron Casting
41:38 Chain Barding Armor
Connection lost

Rejoining the realm…

Still unreachable

The connection could not be restored.

Session expired

The server has moved on; the page needs a fresh start.